 Seeded DCSS version 0.30-a0-122-g2a1322497e (webtiles) character file.

Game seed: 10213511164608113240 (custom seed)

18 SigmundSlayer the Chiller (level 2, 19/19 HPs)
             Began as a Demonspawn Ice Elementalist on Sept 16, 2022.
             Got out of the dungeon alive.
             The game lasted 00:00:45 (747 turns).

SigmundSlayer the Chiller (DsIE)                     Turns: 747, Time: 00:00:46

Health: 19/19      AC:  4    Str:  8    XL:     2   Next: 48%
Magic:  5/5        EV: 12    Int: 16    God:
Gold:   23         SH:  0    Dex: 13    Spells: 4/5 levels left

rFire   . . .      SeeInvis .    (no weapon)
rCold   . . .      Faith    .    (no shield)
rNeg    . . .      Spirit   .    a - +0 robe
rPois   .          Reflect  .    (no helmet)
rElec   .          Harm     .    (no cloak)
rCorr   .          Rampage  .    (no gloves)
Will    .....                    (no boots)
Stlth   ++........               (no amulet)
HPRegen 0.06/turn                (no ring)
MPRegen 0.09/turn                (no ring)

@: no status effects
A: molten scales 1
a: no special abilities


You escaped.
You visited 1 branch of the dungeon, and saw 1 of its levels.

You collected 23 gold pieces.

Inventory:

Armour
 a - a +0 robe (worn)
Jewellery
 e - a ring of fire
Scrolls
 c - a scroll of enchant weapon {unknown}
Potions
 b - a potion of magic
 d - a potion of attraction {unknown}


   Skills:
 - Level 1.7 Dodging
 - Level 1.7 Stealth
 - Level 2.0 Spellcasting
 + Level 4.3 Ice Magic


You had 4 spell levels left.
You knew the following spells:

 Your Spells              Type           Power      Damage    Failure   Level
a - Freeze                Ice            60%        1d8       3%          1

Your spell library contained the following spells:

 Spells                   Type           Power      Damage    Failure   Level
 Frozen Ramparts          Ice            30%        1d5       11%         3
 Ozocubu's Armour         Ice            15%        N/A       11%         3
 Hailstorm                Conj/Ice       8%         3d4       65%         4
 Ice Form                 Ice/Tmut       8%         N/A       65%         4
 Summon Ice Beast         Ice/Summ       8%         N/A       65%         4


Dungeon Overview and Level Annotations

Branches:
Dungeon (1/15)

Altars:


Innate Abilities, Weirdness & Mutations

You are partially covered in molten scales. (AC +2)


Message History

You can't see any susceptible monsters within range! (Use Z to cast anyway.)
You freeze the endoplasm.
The endoplasm quivers.
The endoplasm is severely wounded.
The endoplasm closely misses you.
You freeze the endoplasm.
You kill the endoplasm!
An endoplasm comes into view.
An endoplasm is nearby!
The endoplasm quivers.
There is a dry fountain here.
You hit the endoplasm but do no damage. The endoplasm freezes you.
You are frozen.
You freeze the endoplasm.
The endoplasm is moderately wounded.
The endoplasm freezes you.
You are frozen.
You freeze the endoplasm.
You kill the endoplasm!
You start resting.
Magic restored.
You start resting.
HP restored.
There is a dry fountain here.
You pick up a book of Rime and begin reading...
You add the spells Ice Form and Summon Ice Beast to your library.
There is a dry fountain here.
There is a faded altar of an unknown god here.
This altar belongs to (a) Dithmenos, (b) Nemelex Xobeh or (c) Makhleb, but you can't tell which.
Press the corresponding letter to learn more about a god, or press enter to convert or escape to cancel.
Okay, then.
(D) Dungeon
Where to? (Enter - D:1 @ (x,y), ? - help)
What level of the Dungeon? (default 1, ? - help)
There is a dry fountain here.
There is a stone staircase leading down here.
You see here a +0 spear.
There is a staircase leading out of the dungeon here.
Are you sure you want to leave the Dungeon?
This will make you lose the game!
You have escaped!

.###.##
#......####### #.#
.# #.# ##.#.#.#####
#.# #..###....# #.#
### #.###.#### #.#
######....####.#
#...##.##....#.#
####.>.#####....#.#
#...............#.#
#.@........##...#.#
#.............###.#
# ###############
#.# #. #.# #.# #.#
#..### #.. #.#...
### #..⌠. .#
########
#.⌠..#######.#
#.......


There were no monsters in sight!

Vanquished Creatures
  2 dart slugs (D:1)
  3 endoplasms (D:1)
  A giant cockroach (D:1)
  2 hobgoblins (D:1)
  A quokka (D:1)
  2 bats (D:1)
  2 frilled lizards (D:1)
13 creatures vanquished.

Notes
Turn   | Place    | Note
-------+----------+-------------------------------------------
     0 | D:1      | SigmundSlayer the Demonspawn Ice Elementalist began the
                  | quest for the Orb.
     0 | D:1      | Reached XP level 1. HP: 13/13 MP: 3/3
   217 | D:1      | Reached skill level 4 in Ice Magic
   254 | D:1      | Gained mutation: You are partially covered in molten
                  | scales. (AC +2) [demonic ancestry]
   254 | D:1      | Reached XP level 2. HP: 19/19 MP: 3/5
   493 | D:1      | Found a faded altar of an unknown god.
   747 | D:$      | Got out of the dungeon alive.

Illustrated notes

Levels and vault maps discovered:
D:1:      amcnicky_arrival_blooded_trapdoor, layout_loops_ring,
          shapermc_ecumenical_altar_venn

Skill      XL: |  1 |
---------------+----+-----
Ice Magic      | 4 |  4.3
Dodging        | |  1.7
Stealth        | |  1.7
Spellcasting   | |  2.0

Action                   || total
-------------------------++-------
Melee: Unarmed           ||     3
 Cast: Freeze            ||    24
Armor: Robe              ||     6
Dodge: Dodged            ||    10

Table legend: (Time is in decaauts)
 A = Elapsed time spent in this place.
 B = Non-inter-level travel time spent in this place.
 C = Inter-level travel time spent in this place.
 D = Time resting spent in this place.
 E = Time spent auto-exploring this place.
 F = Levels seen in this place.
 G = Mean time per level.
                   A        B        C        D        E       F      G
               +--------+--------+--------+--------+--------+-----+--------+
         Total |    747 |    635 |    112 |    192 |    356 |   1 |  747.0 |
       Dungeon |    747 |    635 |    112 |    192 |    356 |   1 |  747.0 |
               +--------+--------+--------+--------+--------+-----+--------+

Top non-repeatable levels by time:
     D:1: 747 daAuts
